 Dungeon Crawl Stone Soup version 0.17-a0-1262-gd250d98 (webtiles) character file.

113 LightningNZ the Skirmisher (level 4, -4/29 HPs)
             Began as a Gargoyle Fighter on June 6, 2015.
             Was an Initiate of Okawaru.
             Slain by Grinder (5 damage)
             ... on level 3 of the Dungeon.
             The game lasted 00:07:25 (1632 turns).

LightningNZ the Skirmisher (Gargoyle Fighter)       Turns: 1632, Time: 00:07:25

Health: -4/29      AC: 15    Str: 24    XL:     4   Next: 96%
Magic:  4/4        EV:  3    Int:  9    God:    Okawaru [......]
Gold:   32         SH: 10    Dex: 10    Spells: 0 memorised, 3 levels left

rFire  . . .     SeeInvis .     a - +0 flail
rCold  . . .     Clarity  .     w - +0 chain mail
rNeg   + . .     SustAt   .     c - +0 shield
rPois  ∞         Gourm    +     v - +0 helmet
rElec  +         Spirit   .     q - +0 cloak
rCorr  .         Warding  .     (no gloves)
rMut   .         Stasis   .     (no boots)
MR     .....                    s - amulet of the gourmand
Stlth  ..........               (no ring)
                                (no ring)

@: mighty, constricted, not resistant to hostile enchantments, extremely
unstealthy
A: negative energy resistance 1, electricity resistance, unbreathing,
petrification resistance, rot immunity, AC +3
a: Renounce Religion


You were on level 3 of the Dungeon.
You worshipped Okawaru.
Okawaru was noncommittal.
You were full.

You visited 1 branch of the dungeon, and saw 3 of its levels.

You collected 32 gold pieces.

Inventory:

Hand weapons
 a - a +0 flail (weapon)
Armour
 c - a +0 shield (worn)
 q - a +0 cloak (worn)
 v - a +0 helmet (worn)
 w - a +0 chain mail (worn)
Jewellery
 s - an amulet of the gourmand (around neck)
 u - an uncursed amulet of resist corrosion
Magical devices
 x - a wand of slowing (25)
Scrolls
 i - 2 scrolls of identify {unknown}
 j - 2 scrolls of remove curse {unknown}
 k - 2 scrolls of blinking {unknown}
 l - a scroll of enchant armour {unknown}
 p - a scroll of amnesia {unknown}
 r - a scroll of fear {unknown}
 t - a scroll of recharging {unknown}
Potions
 b - a potion of heal wounds {unknown}
 g - a potion of curing {unknown}
 n - a potion of poison {unknown}
Comestibles
 e - 5 bread rations
 f - 4 chunks of flesh
 h - a meat ration
 m - a slice of pizza
 o - a beef jerky


   Skills:
 * Level 4.1 Fighting
 + Level 2.6 Maces & Flails
 + Level 3.7 Armour
 + Level 1.2 Dodging
 + Level 4.1 Shields


You had 3 spell levels left.
You didn't know any spells.

Dungeon Overview and Level Annotations

Branches:
Dungeon (3/15)

Altars:
Cheibriados
Okawaru
Yredelemnul

Annotations:
D:3 Grinder


Innate Abilities, Weirdness & Mutations

You are resistant to torment.
Your stone body is resilient (AC +3).
You are immune to poison.
You resist negative energy.
You are resistant to electric shocks.
You can survive without breathing.
You are immune to petrification.
You are immune to rotting.


Message History

You can move again.
Unknown command.
Drink which item? (? for menu, Esc to quit)
You feel very mighty all of a sudden. You block the bat's attack.
The bat barely misses you. You block Grinder's attack.
You sock Grinder!
Grinder is moderately wounded.
You block the bat's attack. You block Grinder's attack.
The ball python barely misses you. x2
You closely miss Grinder.
Grinder is moderately wounded.
The ball python barely misses you. The ball python grabs you.
The ball python constricts you. Grinder gestures at you.
Pain shoots through your body!
* * * LOW HITPOINT WARNING * * *
The ball python bites you but does no damage.
The ball python constricts you. Grinder hits you.
You die...

.# .# .# .#
############# .###
#...........# ...#
#...........#
...####...........######
.....)............b.....
...#.##(........@.##.##(
................5S.#
.>....................
.......#...........####
.#.###.############..
.#.. ..# ... .## ####
(.. .. ... ###


You could see Grinder, a bat and a ball python.

Vanquished Creatures
  A gnoll (D:2)
  An adder (D:2)
  2 oozes (D:2)
  2 worms (D:2)
  3 giant geckos
  3 orcs (D:2)
  A ball python (D:1)
  7 bats
  2 gnoll zombies (D:2)
  6 goblins
  11 hobgoblins
  A quokka (D:2)
  3 giant cockroaches (D:1)
  10 giant newts
  6 jackals
  10 kobolds
  4 rats
73 creatures vanquished.

Notes
Turn   | Place    | Note
--------------------------------------------------------------
     0 | D:1      | LightningNZ the Gargoyle Fighter began the quest for the Orb.
     0 | D:1      | Reached XP level 1. HP: 14/14 MP: 1/1
     3 | D:1      | Noticed an electric eel
     3 | D:1      | Noticed an electric eel
    65 | D:1      | Reached XP level 2. HP: 10/19 MP: 2/2
   454 | D:1      | Reached XP level 3. HP: 22/24 MP: 3/3
   875 | D:2      | Reached skill level 1 in Dodging
   881 | D:2      | Reached XP level 4. HP: 18/29 MP: 4/4
  1012 | D:2      | Reached skill level 4 in Shields
  1236 | D:2      | Found an iron altar of Okawaru.
  1273 | D:2      | Became a worshipper of Warmaster Okawaru
  1365 | D:2      | Found a snail-covered altar of Cheibriados.
  1505 | D:2      | Found a basalt altar of Yredelemnul.
  1621 | D:3      | Noticed Grinder
  1628 | D:3      | Paralysed by Grinder for 2 turns
  1632 | D:3      | HP: 1/29 [Grinder/nerve-wracking pain (10)]
  1632 | D:3      | Slain by Grinder

Vault maps used:
D:1:      arrival_aquarium_b, minmay_lizard_king
D:2:      okawaru_altar_gauntlet_db, lemuel_zombie_altar_yredelemnul,
          first_bread, cheibriados_altar_wand_db
D:3:      lightli_temple_of_fire, uniq_jessica, uniq_grinder

Action                   |  1- 3 |  4- 6 || total
-------------------------+-------+-------++-------
Melee: Flail             |   144 |   111 ||   255
  Use: Potion            |       |     1 ||     1
  Eat: Chunk             |       |    12 ||    12
